 Dungeon Crawl Stone Soup version 0.22.1-1-ga44c0e5 (webtiles) character file.

4768 juanjsm the Covert (level 10, -16/44 HPs)
             Began as a Spriggan Enchanter on Oct 22, 2018.
             Was an Elder of Okawaru.
             Shot with an arrow by a centaur warrior (25 damage)
             ... on level 8 of the Dungeon.
             The game lasted 00:38:36 (7356 turns).

juanjsm the Covert (Spriggan Enchanter)             Turns: 7356, Time: 00:38:37

Health: -16/44     AC:  2    Str:  4    XL:     10   Next: 23%
Magic:  11/20      EV: 24    Int: 20    God:    Okawaru [****..]
Gold:   533        SH:  3    Dex: 17    Spells: 12/22 levels left

rFire    . . .     SeeInvis +   H - +1 dagger (venom)
rCold    . . .     Gourm    .   (shield restricted)
rNeg     . . .     Faith    .   s - +0 robe
rPois    +         Spirit   .   (helmet restricted)
rElec    .         Reflect  +   o - scarf {repulsion}
rCorr    .         Harm     .   (gloves unavailable)
MR       +....                  (boots unavailable)
Stlth    +++++.....             B - +3 amulet of reflection
HPRegen  0.14/turn              z - ring of poison resistance
MPRegen  0.17/turn              E - ring of flight

@: repel missiles, very quick
A: very small, unfitting armour, see invisible, herbivore, speed 3, slow
metabolism 2
a: Heroism, Renounce Religion, Evoke Flight


You were on level 8 of the Dungeon.
You worshipped Okawaru.
Okawaru was greatly pleased with you.
You were hungry.

You visited 2 branches of the dungeon, and saw 9 of its levels.

You collected 533 gold pieces.

Inventory:

Hand Weapons
 a - a +1 dagger
 G - a +2 rapier of draining
 H - a +1 dagger of venom (weapon)
Missiles
 b - 2 throwing nets (quivered)
 y - 22 poisoned needles
Armour
 f - a +0 buckler
 o - a scarf of repulsion (worn)
 s - a +0 robe (worn)
Jewellery
 z - a ring of poison resistance (left hand)
 B - a +3 amulet of reflection (around neck)
 E - a ring of flight (right hand)
 F - an uncursed ring of ice
Wands
 u - a wand of iceblast (9)
 w - a wand of scattershot (4)
 C - a wand of paralysis (10)
Scrolls
 c - 5 scrolls of remove curse
 e - 3 scrolls of identify
 g - 2 scrolls of enchant armour {unknown}
 h - a scroll of noise {unknown}
 i - a scroll of fog {unknown}
 k - 2 scrolls of teleportation {unknown}
 r - 3 scrolls of immolation {unknown}
 x - a scroll of enchant weapon {unknown}
 I - a scroll of vulnerability {unknown}
Potions
 j - a potion of brilliance
 l - a potion of invisibility
 m - a potion of ambrosia
 n - a potion of heal wounds
 p - 3 potions of lignification
 q - a potion of cancellation
 t - a potion of haste
 v - 3 potions of flight
 A - 2 potions of agility {unknown}
 D - a potion of berserk rage {unknown}
Comestibles
 d - 16 rations


   Skills:
 + Level 0.9 Fighting
 * Level 7.5 Short Blades
 * Level 8.9 Dodging
 * Level 11.4 Stealth
 * Level 5.0 Shields
 + Level 6.5 Spellcasting
 + Level 6.7 Hexes
 + Level 1.8 Evocations


You had 12 spell levels left.
You knew the following spells:

 Your Spells              Type           Power        Failure   Level  Hunger
a - Corona                Hex            ####...      1%          1    None
b - Ensorcelled Hibernat  Hex/Ice        ###...       3%          2    None
c - Confuse               Hex            ####....     1%          3    #......
d - Dazzling Spray        Conj/Hex       ###...       8%          3    #......
e - Shock                 Conj/Air       #...         10%         1    None

Your spell library contained the following spells:

 Spells                   Type           Power        Failure   Level  Hunger
 Tukima's Dance           Hex            ####....     1%          3    #......
 Swiftness                Chrm/Air       #.......     16%         2    None
 Static Discharge         Conj/Air       #.......     30%         3    #......
 Airstrike                Air            #.........   69%         4    ###....
 Lightning Bolt           Conj/Air       #.........   95%         5    #####..


Dungeon Overview and Level Annotations

Branches:
Dungeon (8/15)             Temple (1/1) D:5
   Lair: D:8-11

Altars:
Ashenzari
Cheibriados
Dithmenos
Elyvilon
Fedhas
Gozag
Hepliaklqana
Kikubaaqudgha
Makhleb
Nemelex Xobeh
Okawaru
Qazlal
Ru
Trog
Uskayaw
Vehumet
Wu Jian
Xom
Yredelemnul
Zin
The Shining One


Innate Abilities, Weirdness & Mutations

You are very small and have problems with some larger weapons.
You are too small for most types of armour.
You have supernaturally acute eyesight. (SInv)
You are a herbivore.
You cover ground extremely quickly.
You need to consume almost no food.


Message History

Aiming: Ensorcelled Hibernation (safe; 3% risk of failure)
Press: ? - help, Shift-Dir - straight line, f/p - centaur warrior
Aim: a centaur warrior, wielding a short sword (chance to defeat MR: 32%)
The centaur warrior easily resists.
The centaur warrior hits you with an uncursed short sword!
* * * LOW HITPOINT WARNING * * *
You feel much better.
The centaur warrior hits you with an uncursed short sword.
The centaur warrior completely misses you.
The centaur warrior unwields an uncursed short sword.
The centaur warrior wields an uncursed shortbow.
The centaur warrior shoots an arrow.
The arrow hits you!!
* * * LOW HITPOINT WARNING * * *
You see here an arrow.
The centaur warrior shoots an arrow.
The arrow closely misses you.
The centaur warrior shoots an arrow.
The arrow completely misses you.
The centaur warrior shoots an arrow.
The arrow is repelled.
The centaur warrior shoots an arrow.
The arrow hits you!!
Ouch! That really hurt!
You die...

####.#.### #.......#
#...... #....# ##.....##
#.###.. ####.# ##...## #
#.. #)# ##'## ###.. #.#
###.### # #.... #.#
#.....# #.#.#.# #.#
#.#.#.# #.#.#.# #.#
#.....# #.....#
#.######@....########.###
#c†(....(.............#
########......#########
###....# ######


You could see a centaur warrior.

Vanquished Creatures
  A two-headed ogre (D:8)
  2 deep elf magi (D:7)
  A manticore (D:8)
  A hornet (D:8)
  A wyvern (D:8)
  A steam dragon (D:8)
  3 ice beasts
  6 ogres
  A sky beast (D:8)
  2 phantoms
  3 centaurs
  2 bullfrogs
  3 scorpions
  2 killer bees (D:8)
  A wight (D:8)
  A crimson imp (D:6)
  5 hounds
  2 bullfrog zombies
  2 centaur skeletons (D:5)
  An iguana (D:5)
  Jessica (D:3)
  5 worker ants
  A hound skeleton (D:6)
  3 worker ant zombies
  8 adders
  3 shadow imps
  An ooze (D:5)
  2 adder skeletons
  A worm (D:2)
  8 leopard geckos
  14 orcs
  5 giant cockroaches
  12 goblins
  5 hobgoblins
  9 jackals
  6 quokkas
  2 ball pythons
  6 bats
  6 frilled lizards
  4 kobolds
  7 rats
150 creatures vanquished.

Notes
Turn   | Place    | Note
-------+----------+-------------------------------------------
     0 | D:1      | juanjsm the Spriggan Enchanter began the quest for the Orb.
     0 | D:1      | Reached XP level 1. HP: 9/9 MP: 5/5
   515 | D:1      | Reached XP level 2. HP: 3/13 MP: 4/6
   519 | D:1      | Learned a level 2 spell: Ensorcelled Hibernation
  1042 | D:2      | Reached skill level 5 in Stealth
  1042 | D:2      | Reached XP level 3. HP: 13/16 MP: 1/8
  1233 | D:2      | Learned a level 3 spell: Confuse
  1647 | D:2      | Reached XP level 4. HP: 21/21 MP: 9/9
  1659 | D:2      | Learned a level 3 spell: Dazzling Spray
  2105 | D:3      | Noticed Jessica
  2231 | D:3      | Reached skill level 1 in Shields
  2335 | D:3      | Killed Jessica
  2803 | D:4      | Reached skill level 6 in Stealth
  2803 | D:4      | Reached XP level 5. HP: 24/24 MP: 2/11
  3478 | D:5      | Entered Level 5 of the Dungeon
  3510 | D:5      | Noticed an ogre
  3537 | D:5      | Killed an ogre
  3548 | D:5      | Reached XP level 6. HP: 28/28 MP: 3/12
  3746 | D:5      | Reached skill level 7 in Stealth
  3895 | D:5      | Found a staircase to the Ecumenical Temple.
  3921 | Temple   | Entered the Ecumenical Temple
  3985 | Temple   | Became a worshipper of Warmaster Okawaru
  4248 | D:5      | Reached XP level 7. HP: 32/32 MP: 14/14
  4280 | D:5      | Found a burning altar of Makhleb.
  4499 | D:5      | Reached * piety under Okawaru
  4499 | D:5      | Reached skill level 5 in Dodging
  4661 | D:5      | Reached skill level 8 in Stealth
  4661 | D:5      | Reached skill level 5 in Hexes
  4675 | D:6      | Found a bloodstained altar of Trog.
  4912 | D:6      | Reached XP level 8. HP: 36/36 MP: 7/16
  4968 | D:6      | Reached skill level 5 in Short Blades
  5406 | D:7      | Reached ** piety under Okawaru
  5406 | D:7      | Reached skill level 9 in Stealth
  5406 | D:7      | Reached skill level 5 in Spellcasting
  5501 | D:7      | Found a basalt altar of Yredelemnul.
  5501 | D:7      | Noticed a deep elf mage
  5501 | D:7      | Noticed a deep elf mage
  5531 | D:7      | Killed a deep elf mage
  5562 | D:7      | Killed a deep elf mage
  5562 | D:7      | Reached *** piety under Okawaru
  5562 | D:7      | Reached skill level 10 in Stealth
  5562 | D:7      | Reached XP level 9. HP: 36/39 MP: 8/18
  5914 | D:7      | Learned a level 1 spell: Shock
  6440 | D:8      | Noticed a two-headed ogre
  6457 | D:8      | Killed a two-headed ogre
  6457 | D:8      | Reached **** piety under Okawaru
  6610 | D:8      | Reached skill level 11 in Stealth
  6668 | D:8      | Noticed a manticore
  6743 | D:8      | Killed a manticore
  6743 | D:8      | Reached skill level 1 in Evocations
  6743 | D:8      | Reached XP level 10. HP: 44/44 MP: 6/20
  7073 | D:8      | Found a burning altar of Makhleb.
  7206 | D:8      | Reached skill level 5 in Shields
  7290 | D:8      | Noticed a centaur warrior
  7356 | D:8      | Shot with an arrow by a centaur warrior

Skill      XL: |  1  2  3  4  5  6  7  8  9 10 |
---------------+-------------------------------+-----
Spellcasting   | 3 4 5 6 |  6.5
Stealth        | 5 6 7 8 10 11 | 11.4
Short Blades   | 2 3 4 6 7 |  7.5
Shields        | 1 2 3 4 5 |  5.0
Hexes          | 4 5 6 |  6.7
Dodging        | 4 5 7 8 |  8.9
Evocations     | 1 |  1.8
Fighting       | |  0.9

Action                   |  1- 3 |  4- 6 |  7- 9 | 10-12 || total
-------------------------+-------+-------+-------+-------++-------
Melee: Dagger            |    83 |   130 |   159 |    53 ||   425
 Cast: Corona            |    11 |     2 |     5 |       ||    18
       Ensorcelled Hiber |    27 |    45 |    39 |    18 ||   129
       Confuse           |       |    10 |    25 |     7 ||    42
       Dazzling Spray    |       |       |     2 |       ||     2
  Use: Potion            |       |     1 |       |     1 ||     2
       Scroll            |       |     4 |     4 |       ||     8
 Stab: Sleeping          |    27 |    29 |    30 |     8 ||    94
       Confused          |       |     5 |    19 |     7 ||    31
       Distracted        |       |     1 |       |       ||     1
  Eat: Ration            |       |     2 |     3 |       ||     5
Armor: Robe              |    19 |    10 |     1 |     2 ||    32
Dodge: Dodged            |    96 |    98 |    77 |    36 ||   307
       Deflected         |       |       |       |     1 ||     1
Block: Other             |       |       |    10 |     8 ||    18
       Reflection        |       |       |     1 |       ||     1
